Map: Neon Violet Square LE

Players

Infamous - Winner!

  • Race: Protoss Protoss
  • League: Gold
  • Spawn Location: 11:00

Robinz

  • Race: Terran Terran
  • League: Gold
  • Spawn Location: 5:00

VOD

Have the link to the VOD?

Description

Time

  • Played on: April 17, 2018, 10:46 a.m.
  • Length: 7:18
Show
View Real Time Build Order
Export as new Build Order

Infamous Protoss - Winner!

Build Orders:  

Get SALT Encoding   

  12  0:01  Probe  
  13  0:17  Pylon  
  13  0:18  Probe  
  14  0:30  Probe (Chrono Boost)  
  15  0:36  Gateway  
  16  0:42  Probe (Chrono Boost)  
  16  0:50  Probe (Chrono Boost)  
  16  0:53  Assimilator  
  17  1:02  Probe (Chrono Boost)  
  18  1:14  Probe (Chrono Boost)  
  19  1:19  Gateway  
  19  1:25  Cybernetics Core  
  19  1:31  Probe  
  20  1:33  Zealot  
  20  1:37  Assimilator  
  22  1:44  Pylon  
  22  1:51  Probe  
  23  2:01  Warp Gate (Chrono Boost)  
  25  2:09  Stalker (Chrono Boost)  
  25  2:10  Stalker (Chrono Boost)  
  26  2:25  Pylon  
  26  2:42  Robotics Facility  
  26  2:44  Probe  
  27  2:56  Sentry  
  30  2:58  Probe  
  30  3:20  Nexus  
  30  3:22  Probe  
  31  3:30  Pylon  
  31  3:34  Probe  
  31  3:39  Observer  
  33  3:47  Gateway  
  33  3:59  Probe  
  34  4:11  Probe, Stalker  
  34  4:12  Stalker  
  39  4:20  Twilight Council  
  39  4:31  Probe  
  39  4:32  Probe  
  41  4:42  Zealot  
  41  4:45  Sentry  
  45  4:50  Shield Battery x2  
  45  5:10  Charge (Chrono Boost), Zealot x2  
  45  5:11  Zealot  
  51  5:18  Immortal (Chrono Boost)  
  51  5:20  Probe  
  56  5:23  Probe  
  57  5:40  Stalker x2  
  61  5:55  Pylon  
  61  6:01  Pylon  
  61  6:08  Pylon  
  61  6:12  Immortal (Chrono Boost)  
  65  6:31  Shield Battery  
  65  6:34  Shield Battery  
  65  6:38  Forge  
  65  6:39  Forge  
  65  6:42  Stalker  
  65  6:43  Sentry x2  
  71  6:54  Templar Archives  
  55  7:15  Stalker x2  
Show
View Real Time Build Order
Export as new Build Order

Robinz Terran 

Build Orders:  

Get SALT Encoding   

  12  0:01  SCV  
  13  0:13  SCV  
  14  0:19  Supply Depot  
  14  0:26  SCV  
  15  0:41  SCV  
  15  0:42  Refinery  
  16  0:46  Barracks  
  16  0:56  SCV  
  17  1:25  SCV  
  18  1:34  Refinery  
  18  1:37  SCV  
  18  1:39  Reaper  
  20  2:01  Factory  
  20  2:25  Barracks Reactor  
  20  2:27  SCV  
  21  2:31  Command Center  
  21  2:39  SCV  
  22  2:44  Supply Depot  
  22  3:01  Supply Depot  
  22  3:10  Supply Depot  
  22  3:13  Cyclone x2  
  22  3:17  Barracks Tech Lab  
  28  3:32  Supply Depot, SCV  
  29  3:47  Hellion  
  29  3:48  Hellion  
  33  4:00  Orbital Command  
  33  4:01  SCV  
  34  4:07  Marauder  
  36  4:21  Cyclone  
  36  4:22  Hellion  
  40  4:41  Marauder  
  42  4:45  Cyclone  
  45  5:03  Marauder  
  45  5:06  Bunker  
  47  5:09  Cyclone  
  47  5:12  SCV  
  51  5:16  SCV  
  52  5:24  Marauder  
  54  5:39  Armory  
  54  5:43  Cyclone x2  
  54  5:45  SCV, Marauder  
  63  6:10  Engineering Bay  
  63  6:11  Orbital Command  
  63  6:13  SCV  
  64  6:25  SCV  
Tags
 
Add a new tag
Caveats
  • Supply blocks, unpowered buildings, or Contaminate may cause inaccurate times.
  • Supply counts are checked every 10 seconds.